 Dungeon Crawl Stone Soup version 0.19.5 (webtiles) character file.

66 Reinor the Digger (level 3, -2/24 HPs)
             Began as a Demonspawn Earth Elementalist on Apr 28, 2017.
             Slain by a gnoll
             ... wielding a +0 spear
              (9 damage)
             ... on level 2 of the Dungeon.
             The game lasted 00:04:34 (868 turns).

Reinor the Digger (Demonspawn Earth Elementalist)    Turns: 868, Time: 00:04:34

Health: -2/24      AC:  3    Str:  8    XL:     3   Next: 96%
Magic:  1/6        EV: 12    Int: 17    God:
Gold:   91         SH:  0    Dex: 13    Spells: 2 memorised, 4 levels left

rFire  . . .     SeeInvis .     b - 39 stones
rCold  . . .     Gourm    .     c - +0 robe
rNeg   . . .     Faith    .     (no shield)
rPois  .         Spirit   .     (no helmet)
rElec  .         Reflect  .     q - +0 cloak
rCorr  .         Harm     .     (no gloves)
MR     +....                    (no boots)
Stlth  ++........               (no amulet)
                                (no ring)
                                o - ring of protection from magic

@: no status effects
A: demonic guardian 1
a: no special abilities


You were on level 2 of the Dungeon.
You were not hungry.

You visited 1 branch of the dungeon, and saw 2 of its levels.

You collected 91 gold pieces.

Inventory:

Hand Weapons
 f - a +0 dagger of speed
Missiles
 b - 39 stones (in hand)
Armour
 c - a +0 robe (worn)
 q - a +0 cloak (worn)
Jewellery
 o - a ring of protection from magic (left hand)
Scrolls
 a - a scroll of identify {unknown}
 g - a scroll of fog {unknown}
 k - a scroll of recharging {unknown}
 m - a scroll of teleportation {unknown}
Potions
 h - a potion of brilliance {unknown}
 n - a potion of agility {unknown}
 p - a potion of curing {unknown}
Books
 e - a book of Geomancy

   Spells                             Type                      Level
   a - Sandblast                      Earth                        1
   b - Passwall                       Transmutation/Earth          2
   c - Stone Arrow                    Conjuration/Earth            3
   d - Petrify                        Transmutation/Earth          4
   e - Lee's Rapid Deconstruction     Earth                        5
Comestibles
 d - a bread ration
 i - 6 chunks of flesh
 j - a beef jerky
 l - a meat ration


   Skills:
 - Level 1.7 Dodging
 + Level 2.6 Stealth
 + Level 2.6 Spellcasting
 + Level 1.3 Transmutations
 + Level 3.3 Earth Magic


You had 4 spell levels left.
You knew the following spells:

 Your Spells              Type           Power        Failure   Level  Hunger
a - Sandblast             Erth           ##....       4%          1    #......
b - Passwall              Tmut/Erth      ##........   12%         2    ##.....


Dungeon Overview and Level Annotations

Branches:
Dungeon (2/15)

Altars:


Innate Abilities, Weirdness & Mutations

A weak demonic guardian rushes to your aid.


Message History

Aiming: Sandblast
Press: ? - help, Shift-Dir - straight line, f - gnoll, p - gnoll
Aim: a gnoll, wielding a spear The rocky blast hits the gnoll.
The gnoll is lightly wounded.
The gnoll hits your quasit with a whip.
Your quasit closely misses the gnoll.
Your quasit claws the gnoll.
Your quasit claws the gnoll but does no damage.
The gnoll hits you from afar with a spear!
* * * LOW HITPOINT WARNING * * *
Casting: Sandblast
Confirm with . or Enter, or press ? or * to list all spells.
Aiming: Sandblast
Press: ? - help, Shift-Dir - straight line, f/p - gnoll
Aim: a gnoll, wielding a spear (lightly wounded)
The rocky blast hits the gnoll.
The gnoll is heavily wounded.
Your quasit disappears in a puff of smoke!
The gnoll hits you from afar with a spear!
You die...

............#.#.# .......
.........#....#.## .......
....##++##....#..##..?....
...# ##.#.....#.......
######..........
#####.#..#.##..
+.......##.#.
+............#
#...g@.....###
#..)?......#
#...g.........
#...............
...r............
...)....#..#..!.
............#..
............##.


You could see 2 gnolls and a rat.

Vanquished Creatures
  A gnoll (D:2)
  An ooze (D:1)
  A ball python (D:1)
  3 goblins (D:1)
  A quokka (D:1)
  3 bats (D:1)
  2 frilled lizards
  2 kobolds (D:1)
  A rat (D:1)
15 creatures vanquished.

Vanquished Creatures (collateral kills)
  Natasha (twice) (D:2)
  A frilled lizard (D:2)
3 creatures vanquished.

Grand Total: 18 creatures vanquished

Notes
Turn   | Place    | Note
-------+----------+-------------------------------------------
     0 | D:1      | Reinor the Demonspawn Earth Elementalist began the quest for the Orb.
     0 | D:1      | Reached XP level 1. HP: 13/13 MP: 3/3
   212 | D:1      | Reached skill level 3 in Earth Magic
   212 | D:1      | Gained mutation: A weak demonic guardian rushes to your aid. [demonic ancestry]
   212 | D:1      | Reached XP level 2. HP: 7/19 MP: 0/5
   437 | D:1      | Learned a level 2 spell: Passwall
   776 | D:2      | Noticed Natasha
   780 | D:2      | Killed Natasha
   780 | D:2      | Reached skill level 1 in Transmutations
   780 | D:2      | Reached XP level 3. HP: 24/24 MP: 2/6
   850 | D:2      | Noticed Natasha
   856 | D:2      | Killed Natasha
   868 | D:2      | Slain by a gnoll

Skill      XL: |  1  2 |
---------------+-------+-----
Stealth        | 2 |  2.6
Earth Magic    | 3 |  3.3
Transmutations | 1 |  1.3
Dodging        | |  1.7
Spellcasting   | |  2.6

Action                   || total
-------------------------++-------
Melee: Dagger            ||    13
       Unarmed           ||     1
 Cast: Sandblast         ||    25
 Stab: Sleeping          ||     1
Armor: Robe              ||     4
Dodge: Dodged            ||    10
